Cogmind - Beta 15 @@@ ROGUE MODE // 2025.05.14 @ 16:17:26 Player: Lunace Result: Destroyed by Hotshot with Improved Heavy Laser Performance ------------- Evolutions (7) 3500 Regions Visited (18) 3600 Robots Destroyed (172) 860 Value Destroyed (6493) 6493 Prototype IDs (64) 1280 Alien Tech Used (7) 1400 Bonus (8540) 8540 TOTAL SCORE: 25673 Bonus ------- High Alert Combat Kills 858 Follower Combat Kills 82 Registered with UFD 300 Met Optimus in HQ 500 Met Imprinter 300 Met Warlord at Base 500 MAIN.C Attacked Warlord 500 Used Core Reset Matrix 3000 Scanned by Researcher 500 Met Sigix 2000 Cogmind --------- Core Integrity 0/1300 Matter 290/300 Energy 75/100 System Corruption 0% Temperature Cool (58) Movement Hovering (66) Location -3/Protoforge Parts ------- > --- POWER (2) -------- (None) > --- PROPULSION (6) --- Gyrokinetic Inverter Gyrokinetic Inverter > --- UTILITY (11) ----- Advanced Signal Interpreter Surveybot 17 Chip Ghost Barrier > --- WEAPON (2) ------- (None) > --- INVENTORY (5) ---- Sigix Containment Pod Peak State ------------ > --- POWER ------------ Particle Reactor Light Particle Reactor > --- PROPULSION ------- Gyrokinetic Inverter Gyrokinetic Inverter Gyrokinetic Inverter Cooled Antigrav System Cooled Antigrav System Combat Antigrav System > --- UTILITY ---------- Advanced Heat Sink Structural Scanner Advanced Sensor Array Advanced Signal Interpreter Surveybot 17 Chip Advanced Transmission Jammer Improved Reaction Control System Phase Redirector Advanced Hacking Suite Advanced Hacking Suite Ghost Barrier > --- WEAPON ----------- Core Cannon > --- INVENTORY -------- Core Reset Matrix RU-N14's Throwing Claymores v3 Enhanced Force Lance Sigix Containment Pod [Rating: 163] Favorites ----------- Power Meta Core Engine Improved Deuterium Engine Power Core Meta Core Reactor Micro Antimatter Reactor Propulsion Gyrokinetic Inverter Treads Light Treads Wheel Wheel Hover Unit Gyrokinetic Inverter Flight Unit Nuclear Pulse Thruster Utility Makeshift Hacking Suite Device Deep Structural Scanner Storage Large Storage Unit Processor Improved Signal Interpreter Hackware Makeshift Hacking Suite Protection Enhanced Scrap Shield Artifact Phase Redirector Weapon Advanced Beam Cannon Energy Gun Backup Laser III Energy Cannon Advanced Beam Cannon Ballistic Gun Coil Gun Ballistic Cannon Improved Light Cannon Launcher Long-range Missile Launcher Special Weapon RU-N14's Throwing Claymores Impact Weapon Maul Slashing Weapon Centrium Greatsword Piercing Weapon Enhanced Force Lance Special Melee Weapon Advanced Datajack Build | -11 -10 -10 -9 -9 -6 -6 -6 -6 -5 -5 -4 -4 -4 -4 -3 -3 -3 -3 ------- Run | Yrd Mat Sub Rec Scr Fac Low Low Zio Pro Fac Fac Upp Upp War Pro Res Qua Frg Slots Evolved 14 | . . . . . 8 . . . . 2 2 . . . . 2 . . Power 1 | . . . . . 1 . . . . . . . . . . . . . Propulsion 4 | . . . . . 2 . . . . 2 . . . . . . . . Utility 9 | . . . . . 5 . . . . . 2 . . . . 2 . . Weapon . | . . . . . . . . . . . . . . . . . . . Parts Attached 135 | 7 6 2 3 10 13 2 1 4 1 35 11 2 5 10 4 11 8 . Power 16 | 1 . 1 . . 2 . . . . 2 3 1 . 1 . 4 1 . Engine 3 | 1 . . . . 2 . . . . . . . . . . . . . Core 3 | . . 1 . . . . . . . 1 1 . . . . . . . Reactor 10 | . . . . . . . . . . 1 2 1 . 1 . 4 1 . Propulsion 32 | 2 . . 3 3 1 1 . 2 . 14 1 . 1 2 . . 2 . Treads 7 | 2 . . 3 2 . . . . . . . . . . . . . . Leg . | . . . . . . . . . . . . . . . . . . . Wheel 9 | . . . . 1 1 1 . . . 6 . . . . . . . . Hover 14 | . . . . . . . . . . 8 1 . 1 2 . . 2 . Flight 2 | . . . . . . . . 2 . . . . . . . . . . Utility 50 | 2 2 1 . 2 6 1 . 1 . 8 5 . 4 5 3 7 3 . Device 25 | 1 1 . . 1 1 . . 1 . 4 2 . 4 2 1 5 2 . Storage 3 | 1 1 . . 1 . . . . . . . . . . . . . . Processor 5 | . . . . . . . . . . 1 . . . 1 1 2 . . Hackware 9 | . . . . . 3 . . . . 2 2 . . 2 . . . . Protection 7 | . . 1 . . 2 1 . . . 1 1 . . . 1 . . . Artifact 1 | . . . . . . . . . . . . . . . . . 1 . Weapon 37 | 2 4 . . 5 4 . 1 1 1 11 2 1 . 2 1 . 2 . Energy Gun 3 | 1 . . . . . . . . . 1 . . . 1 . . . . Energy Cannon 5 | . 3 . . 1 . . . . . . . . . . . . 1 . Ballistic Gun 8 | 1 . . . 1 2 . 1 . . 3 . . . . . . . . Ballistic Cannon 2 | . . . . 1 1 . . . . . . . . . . . . . Launcher 5 | . 1 . . 1 . . . . . 2 . 1 . . . . . . Special Weapon 7 | . . . . 1 . . . 1 1 2 . . . 1 1 . . . Impact Weapon 2 | . . . . . . . . . . 1 . . . . . . 1 . Slashing Weapon 1 | . . . . . . . . . . . 1 . . . . . . . Piercing Weapon 3 | . . . . . 1 . . . . 2 . . . . . . . . Special Melee Weapon 1 | . . . . . . . . . . . 1 . . . . . . . Unidentified Prototypes 16 | . 1 . . . 1 1 . 2 . . 1 . . 7 . . 3 . Corrupted Parts 1 | . . . . . . 1 . . . . . . . . . . . . System Corruption 1 | . . . . . . 1 . . . . . . . . . . . . Parts Lost 42 | . . . . 2 . 3 1 . . 9 2 4 . . 1 1 8 11 Power 7 | . . . . . . 1 . . . 1 . 1 . . . . 2 2 Propulsion 12 | . . . . 2 . 1 . . . 4 . 1 . . . . 1 3 Utility 18 | . . . . . . 1 . . . 3 2 2 . . 1 1 5 3 Weapon 5 | . . . . . . . 1 . . 1 . . . . . . . 3 Highest Loss Streak 10 | . . . . 2 . 3 1 . . 3 1 4 . . 1 1 8 10 To Critical Strikes 1 | . . . . . . 1 . . . . . . . . . . . . Average Backups 7 | 1 9 5 4 7 8 11 9 12 11 9 2 4 5 5 4 4 4 1 Power . | . . . . . 1 1 1 1 1 . . . . . . . . . Propulsion . | . . . . . . 1 1 . . . . . . . . . . . Utility 2 | . 3 . . 1 3 4 4 3 4 3 1 1 2 1 1 . . . Weapon 3 | . 5 5 4 4 2 4 3 6 6 5 1 1 1 2 2 2 2 . Tool/Special . | . . . . . . . . . . . . . . . . . . . Unused Backups 34 | . 4 6 1 7 2 . . 1 . 6 1 . . 2 . 2 2 . Power 4 | . 1 . . 2 . . . . . . . . . . . 1 . . Propulsion 8 | . . 1 . 2 . . . . . 3 1 . . . . 1 . . Utility 8 | . . 5 . . . . . 1 . 2 . . . . . . . . Weapon 12 | . 3 . 1 3 2 . . . . 1 . . . 1 . . 1 . Tool/Special 2 | . . . . . . . . . . . . . . 1 . . 1 . Average Slot Usage (%) 79 | . 100 69 69 68 71 67 76 76 86 89 97 95 82 95 92 95 95 59 Engine 2 | . 14 4 . . 4 2 5 5 5 1 . . . 1 . . . 3 Core 5 | . . 6 10 10 5 5 5 5 5 4 3 . . . . . . . Reactor 1 | . . . . . . . . . . 3 6 8 5 5 5 6 8 . Treads 9 | . 28 22 29 28 . . . . . . . . . . . . . . Wheel 3 | . . . . . 4 2 5 5 5 20 . . . . . . . . Hover 8 | . . . . . . . . . . 2 31 29 29 31 31 28 27 22 Device 10 | . 14 . . . 9 11 11 11 11 13 20 19 20 25 18 22 21 8 Storage 3 | . 14 . . 4 5 5 5 5 5 4 . . . . . . . . Processor 2 | . . . . . . . . . . . 5 5 5 7 10 8 9 9 Hackware 10 | . . . . . 16 17 17 17 17 17 16 13 10 13 15 14 13 8 Protection 4 | . . 10 10 4 4 2 5 5 5 2 4 5 . . . 4 2 . Energy Cannon 5 | . 19 22 20 11 . . . . . . . . . . . . . . Ballistic Gun 3 | . 1 . . 5 5 11 11 5 5 5 . . . . . . . . Special Weapon 1 | . . . . . . . . 4 3 . . . . 1 4 . . . Piercing Weapon 3 | . . . . . 4 5 5 5 5 2 4 6 8 6 5 6 3 1 Peak Build Rating 163 | 7 14 26 28 39 88 91 71 84 84 112 112 114 102 133 132 147 163 89 Average Rating 71 | 5 12 22 27 28 81 69 70 74 82 94 105 108 92 118 130 139 136 84 On Entrance 72 | . 7 14 26 28 32 88 71 70 84 76 95 112 90 102 132 130 138 88 Naked Turns . | . . . . . . . . . . . . . . . . . . . Heaviest Build 76 | 15 34 34 32 40 76 74 68 71 71 73 53 55 42 57 65 65 63 10 Greatest Support 82 | 40 40 40 63 69 35 35 10 10 10 80 66 66 66 82 70 70 75 62 Greatest Overweight (x) 14 | . . . . 2 2 14 6 7 7 6 . . . . . . . . Average Overweight (x) 1 | . . . . . 1 4 6 6 6 . . . . . . . . . Largest Inventory Capacity 15 | 8 15 15 5 15 15 15 15 15 15 15 5 5 5 5 5 5 5 5 Average Capacity 9 | 7 12 5 5 9 15 15 15 15 15 14 5 5 5 5 5 5 5 5 Most Carried 15 | 3 12 12 5 15 14 15 14 15 14 15 5 5 5 5 5 5 5 5 Average Carried 8 | 1 9 5 4 8 10 14 13 14 13 12 3 4 5 4 4 4 4 3 Final Capacity 15 | 8 15 5 5 15 15 15 15 15 15 5 5 5 5 5 5 5 5 5 Final Carried 14 | 3 12 5 5 14 13 14 13 14 13 5 5 5 5 5 4 4 5 2 Class Distribution -------------------- 43% | Hacker-Mutant 35% | Mutant 11% | Hacker-Scout 7% | Hacker-Ninja Dominant Class ---------------- Mutant | -10/Materials Mutant | -10/Subcaves Mutant | -9/Recycling Mutant | -9/Scraptown Hacker-Mutant | -6/Factory Hacker-Mutant | -6/Lower Caves Hacker-Mutant | -6/Lower Caves Hacker-Mutant | -6/Zion Hacker-Mutant | -5/Proximity Caves Hacker-Mutant | -5/Factory Hacker-Scout | -4/Factory Hacker-Scout | -4/Upper Caves Hacker-Scout | -4/Upper Caves Hacker-Scout | -4/Warlord Hacker-Scout | -3/Proximity Caves Hacker-Mutant | -3/Research Hacker-Ninja | -3/Quarantine Hacker-Mutant | -3/Protoforge Resources | -11 -10 -10 -9 -9 -6 -6 -6 -6 -5 -5 -4 -4 -4 -4 -3 -3 -3 -3 ----------- Run | Yrd Mat Sub Rec Scr Fac Low Low Zio Pro Fac Fac Upp Upp War Pro Res Qua Frg Matter Collected 3749 | 276 86 80 30 254 268 218 116 30 30 1211 459 155 61 70 90 203 105 7 Remotely . | . . . . . . . . . . . . . . . . . . . Salvage Created 6717 | 53 300 227 201 185 304 139 401 . 483 1502 914 142 135 . 77 1065 589 . Parts 357 | 7 25 13 14 14 29 6 12 . 14 73 37 4 7 . 3 55 44 . Haulers Intercepted 8 | . 2 . . . . . . . . 1 2 . . . . 2 1 . Recyclers Shooed 5 | 1 1 . 1 . . . . . . . 1 . . . . 1 . . Parts Field Recycled . | . . . . . . . . . . . . . . . . . . . Retrieved Matter . | . . . . . . . . . . . . . . . . . . . Parts Self-Destructed 60 | . . 10 . . . 5 5 . 13 . . 20 5 . 2 . . . Prevented 1 | . . . . . . 1 . . . . . . . . . . . . Kills | -11 -10 -10 -9 -9 -6 -6 -6 -6 -5 -5 -4 -4 -4 -4 -3 -3 -3 -3 ------- Run | Yrd Mat Sub Rec Scr Fac Low Low Zio Pro Fac Fac Upp Upp War Pro Res Qua Frg Combat Hostiles Destroyed 121 | . 9 6 2 4 8 2 3 . 12 46 6 6 2 . 4 10 1 . Melee 16 | . . . . . 1 . . . . . 6 2 2 . . 4 1 . Guns 21 | . . . . . 3 2 3 . . 13 . . . . . . . . Cannons 12 | . . 6 2 . 1 . . . . 1 . . . . . 2 . . AOE 72 | . 9 . . 4 3 . . . 12 32 . 4 . . 4 4 . . Classes Destroyed 21 | 1 6 2 1 2 1 2 . . 4 . 1 . . . . . 1 . Worker 11 | . . . . . 2 . . . . 6 3 . . . . . . . Builder 7 | . 2 . . . 1 . . . . 2 . . . . . 2 . . Tunneler 3 | 2 . . . . 1 . . . . . . . . . . . . . Hauler 8 | . 2 . . . . . . . . 1 2 . . . . 2 1 . Recycler 8 | . 1 . 1 . . . . . . . 3 . . . . 3 . . Minesweeper 1 | . . . . . . 1 . . . . . . . . . . . . Mechanic 1 | . . . . . . . . . 1 . . . . . . . . . Operator 3 | . 1 . . . . . . . . 1 . . . . . . 1 . Turret 2 | . . 2 . . . . . . . . . . . . . . . . Watcher 5 | . 1 . . . . . . . . 2 . . . . . 1 1 . Swarmer 49 | . 9 4 . . 6 . 3 . . 16 4 4 . . . 3 . . Grunt 37 | . . . . . . . . . 7 24 1 2 . . 3 . . . Brawler 3 | . . . . . . . . . 2 . . . . . 1 . . . Duelist 3 | . . . . . . . . . 2 1 . . . . . . . . Researcher 2 | . . . . . . . . . . . . . . . . . 2 . Sentry 9 | . . . 2 . 2 . . . 1 3 . . . . . 1 . . Hunter 4 | . . . . . . 2 . . . 2 . . . . . . . . Programmer 10 | . . . . . . . . . . . 1 . 2 . . 6 1 . Subdweller 2 | . . 2 . . . . . . . . . . . . . . . . Ranger 1 | . . . . 1 . . . . . . . . . . . . . . Scrapper 3 | . . . . 3 . . . . . . . . . . . . . . Best Kill Streak 8 | 2 8 4 2 4 3 2 3 . 8 8 4 3 2 . 4 6 2 . Combat Bots Only 8 | . 6 4 1 4 3 2 3 . 8 6 4 3 2 . 4 6 1 . Max Kills in Single Turn 4 | 2 3 1 2 2 2 1 1 . 4 4 1 2 1 . 3 2 1 . Gunslinging . | . . . . . . . . . . . . . . . . . . . Exploded 4 | . 2 . . 2 1 . . . 4 3 . 2 . . 3 2 . . Melee 1 | . . . . . 1 . . . . . 1 1 1 . . 1 1 . Uniques/NPCs Destroyed . | . . . . . . . . . . . . . . . . . . . Combat | -11 -10 -10 -9 -9 -6 -6 -6 -6 -5 -5 -4 -4 -4 -4 -3 -3 -3 -3 -------- Run | Yrd Mat Sub Rec Scr Fac Low Low Zio Pro Fac Fac Upp Upp War Pro Res Qua Frg Hostile Shots Fired 797 | . 10 64 4 35 102 77 10 . 8 170 42 42 16 . 15 37 81 84 Missed 270 | . 1 30 1 7 42 12 3 . 3 51 17 13 9 . 8 15 29 29 Hits 527 | . 9 34 3 28 60 65 7 . 5 119 25 29 7 . 7 22 52 55 Projectile 527 | . 9 34 3 28 60 65 7 . 5 119 25 29 7 . 7 22 52 55 Critical Strikes 23 | . . . 1 2 . 2 . . 1 2 2 . . . 2 5 3 3 Damage Taken 9743 | . 91 377 48 492 626 1191 98 . 114 2230 407 622 146 . 175 531 1303 1292 Core 2110 | . 22 8 . 92 45 40 . . 26 394 118 32 87 . . 145 430 671 Absorbed by Shields 244 | . . . . . . . . . . 238 . . . . . . . 6 Redirected to Core 99 | . . . . . . . . . . . . . . . . . 99 . Regen/Repaired (Parts) 297 | . . . . . 170 . . . . 56 . . . 51 . 20 . . Core Remaining (%) 75 | 100 . . . 51 . . . . 86 60 . . . . 79 . . . Volleys Fired 236 | 2 32 23 5 17 25 18 4 . 5 92 . 6 . . 4 3 . . Largest 2 | 2 2 2 2 2 2 2 2 . 1 2 . 1 . . 1 1 . . Hottest 136 | 70 136 136 136 111 109 60 60 . . 78 . 49 . . . . . . Shots Fired 384 | 4 44 46 9 26 44 36 8 . 5 148 . 7 . . 4 3 . . Gun 189 | 4 4 . . 3 33 36 8 . . 101 . . . . . . . . Cannon 105 | . 34 46 9 11 5 . . . . . . . . . . . . . Launcher 67 | . 6 . . 10 6 . . . . 38 . 7 . . . . . . Special 23 | . . . . 2 . . . . 5 9 . . . . 4 3 . . Kinetic 192 | 2 2 . . 6 37 36 8 . . 101 . . . . . . . . Thermal 93 | 2 36 46 9 . . . . . . . . . . . . . . . Explosive 88 | . 6 . . 10 6 . . . 5 47 . 7 . . 4 3 . . Electromagnetic 9 | . . . . 8 1 . . . . . . . . . . . . . Robot Hit Streak 12 | 2 5 6 4 7 6 9 2 . 4 12 . 9 . . 4 7 . . Robot Miss Streak 4 | 1 4 2 2 3 4 3 1 . 1 4 . 2 . . . . . . Penetration Max 1 | . . . . . 1 . . . . 1 . . . . . . . . Secondary Targets 1 | . . . . . . 1 . . . . . . . . . . . . Max Gunslinging Chain 1 | . . . . . . 1 . . . . . . . . . . . . Shots Hit Robots 330 | 2 18 24 4 12 29 22 13 . 3 98 25 7 8 . 3 32 30 . Core Hits 244 | 2 15 12 3 8 15 7 7 . 23 96 10 9 3 . 8 16 10 . Critical Kills 10 | . . . . . 2 . . . . 8 . . . . . . . . Critical Parts Destroyed 6 | . . . . . 1 1 . . . 4 . . . . . . . . Critical Strikes 32 | . . . . . 4 1 1 . 1 16 3 . . . . 4 2 . Destroy 16 | . . . . . 3 1 . . . 12 . . . . . . . . Corrupt 1 | . . . . . 1 . . . . . . . . . . . . . Sever 5 | . . . . . . . . . 1 4 . . . . . . . . Impale 10 | . . . . . . . 1 . . . 3 . . . . 4 2 . Melee Attacks 246 | . . . . . 14 2 10 1 . 13 51 14 16 1 2 51 67 4 Impact 7 | . . . . . . . . . . 7 . . . . . . . . Slashing 17 | . . . . . . . . . . . 17 . . . . . . . Piercing 207 | . . . . . 14 2 10 1 . 6 33 14 16 1 2 49 55 4 Sneak Attacks 42 | . . . . . 3 1 1 . . . 13 . . . . 10 14 . Combat Hostiles . | . . . . . . . . . . . . . . . . . . . Follow-up Attacks 12 | . . . . . . . . . . . 2 2 3 . . 5 . . Damage Inflicted 22502 | 38 916 512 103 388 1171 386 638 . 1604 7740 1970 854 412 . 1013 2975 1782 . Guns 2416 | 38 26 . . 21 512 324 83 . . 1412 . . . . . . . . Cannons 1060 | . 285 512 103 90 70 . . . . . . . . . . . . . Explosions 11044 | . 605 . . 277 312 . . . 1498 6072 . 652 . . 890 738 . . Melee 7344 | . . . . . 277 62 555 . . . 1970 202 412 . . 2084 1782 . Ramming . | . . . . . . . . . . . . . . . . . . . Kinetic 2457 | 13 13 . . 44 568 324 83 . . 1412 . . . . . . . . Thermal 938 | 25 298 512 103 . . . . . . . . . . . . . . . Explosive 10971 | . 605 . . 277 312 . . . 1498 5999 . 652 . . 890 738 . . Electromagnetic 154 | . . . . 67 14 . . . . 73 . . . . . . . . Impact . | . . . . . . . . . . . . . . . . . . . Slashing 1310 | . . . . . . . . . 106 256 672 . . . 123 153 . . Piercing 6672 | . . . . . 277 62 555 . . . 1298 202 412 . . 2084 1782 . Highest Corruption 13 | . . . . . . 1 1 1 . . 3 3 3 3 . 4 13 13 Average Corruption 3 | . . . . . . 1 1 1 . . 2 3 3 3 . 3 5 13 Corruption Purged . | . . . . . . . . . . . . . . . . . . . Corruption Blocked . | . . . . . . . . . . . . . . . . . . . Effects 56 | . . . . . . . 1 . . . 12 7 3 . . 12 21 . Message Errors 15 | . . . . . . . . . . . 5 2 1 . . 2 5 . Matter Fused 12 | . . . . . . . . . . . 4 1 1 . . 5 1 . Heat Flow Errors 7 | . . . . . . . . . . . 2 . . . . 2 3 . Energy Discharges 8 | . . . . . . . . . . . . 2 1 . . 1 4 . Parts Rejected 1 | . . . . . . . . . . . . . . . . . 1 . Data Loss (minor) 9 | . . . . . . . 1 . . . 1 1 . . . 1 5 . Data Loss (major) 1 | . . . . . . . . . . . . . . . . 1 . . Misfires 1 | . . . . . . . . . . . . 1 . . . . . . Alerts 2 | . . . . . . . . . . . . . . . . . 2 . Overload Shots . | . . . . . . . . . . . . . . . . . . . Overflow Damage 2580 | . 47 3 . 9 57 . 172 . 22 305 476 6 62 . 17 919 485 . Projectiles 43 | . 27 3 . . . . . . 13 . . . . . . . . . Explosions 406 | . 20 . . 9 22 . . . 9 305 . 6 . . 17 18 . . Melee 2131 | . . . . . 35 . 172 . . . 476 . 62 . . 901 485 . Knockbacks . | . . . . . . . . . . . . . . . . . . . Impact . | . . . . . . . . . . . . . . . . . . . Kinetic . | . . . . . . . . . . . . . . . . . . . Secondary . | . . . . . . . . . . . . . . . . . . . Self-Inflicted Damage 489 | . 15 . . 25 . . . . . 265 . 184 . . . . . . Shots 15 | . 1 . . 2 . . . . . 9 . 3 . . . . . . Rammed . | . . . . . . . . . . . . . . . . . . . Targets Rammed . | . . . . . . . . . . . . . . . . . . . Kicked . | . . . . . . . . . . . . . . . . . . . Crushed . | . . . . . . . . . . . . . . . . . . . Highest Temperature 430 | 18 175 216 166 223 123 99 . . . 430 248 17 5 12 126 281 179 9 Average Temperature 98 | 10 66 65 69 106 45 52 . . . 208 122 8 3 7 68 134 84 9 Received Heat Transfer 1932 | . . 171 36 182 78 . . . 9 619 . . . . 396 27 18 396 Effects 6 | . . . . . . . . . . 5 . . . . . 1 . . Shutdowns 1 | . . . . . . . . . . 1 . . . . . . . . Energy Bleed 1 | . . . . . . . . . . . . . . . . 1 . . Interference 1 | . . . . . . . . . . 1 . . . . . . . . Matter Decay 2 | . . . . . . . . . . 2 . . . . . . . . Short Circuit 1 | . . . . . . . . . . 1 . . . . . . . . Siege Activations . | . . . . . . . . . . . . . . . . . . . Martial Activations . | . . . . . . . . . . . . . . . . . . . Shielding Activations . | . . . . . . . . . . . . . . . . . . . Robots Disrupted 1 | . . . . . 1 . . . . . . . . . . . . . Combat Hostiles 1 | . . . . . 1 . . . . . . . . . . . . . Robots Corrupted . | . . . . . . . . . . . . . . . . . . . Combat Hostiles . | . . . . . . . . . . . . . . . . . . . Parts Fried . | . . . . . . . . . . . . . . . . . . . Impact Corruptions . | . . . . . . . . . . . . . . . . . . . Robots Melted . | . . . . . . . . . . . . . . . . . . . Combat Hostiles . | . . . . . . . . . . . . . . . . . . . Parts Melted 1 | . . 1 . . . . . . . . . . . . . . . . Heat Transferred 1739 | 74 555 925 185 . . . . . . . . . . . . . . . Parts Sabotaged . | . . . . . . . . . . . . . . . . . . . Parts Stolen . | . . . . . . . . . . . . . . . . . . . Parts Stripped . | . . . . . . . . . . . . . . . . . . . Power Chain Reactions . | . . . . . . . . . . . . . . . . . . . Alert | -11 -10 -10 -9 -9 -6 -6 -6 -6 -5 -5 -4 -4 -4 -4 -3 -3 -3 -3 ------- Run | Yrd Mat Sub Rec Scr Fac Low Low Zio Pro Fac Fac Upp Upp War Pro Res Qua Frg Maximum Alert Level 5 | . . . . . . . . . . 5 3 . . . . 1 1 . Low Security (%) 72 | 100 100 . 100 . 100 . . . . 26 . . . . . 95 96 100 Level 1 2 | . . . . . . . . . . 10 . . . . . 4 3 . Level 2 3 | . . . . . . . . . . 11 10 . . . . . . . Level 3 14 | . . . . . . . . . . 19 89 . . . . . . . Level 4 2 | . . . . . . . . . . 14 . . . . . . . . Level 5 3 | . . . . . . . . . . 17 . . . . . . . . High Security . | . . . . . . . . . . . . . . . . . . . Max Security . | . . . . . . . . . . . . . . . . . . . Peak Influence 1727 | 10 108 . 70 . 148 . . . . 1727 1085 . . . . 348 209 72 Initial 842 | . . . 70 . . . . . . 121 842 . . . . 47 191 72 Average 303 | . 49 . 20 . 38 . . . . 789 830 . . . . 138 163 27 Influence Increases 5735 | 10 307 180 207 . 412 55 85 . 255 2182 619 130 55 . 180 623 353 82 Destroy 0b10 Robot/C 2420 | . 180 120 40 . 180 40 60 . 240 940 120 120 40 . 80 200 60 . Destroy 0b10 Robot/NC 285 | 10 35 . 5 . 20 5 15 . 5 60 40 . 5 . . 40 45 . Destroy Leader 366 | . 36 . . . 50 10 10 . 10 146 24 10 10 . 10 46 4 . Allied During Kill 13 | . . . . . 9 . . . . 4 . . . . . . . . Successful Hack 341 | . 8 . 12 . 44 . . . . 32 69 . . . . 79 49 48 Select Force Hacks 150 | . . . 150 . . . . . . . . . . . . . . . Disable Machine 450 | . 30 . . . 45 . . . . 255 . . . . . 15 90 15 Anti-Garrison Action 300 | . . . . . . . . . . . 150 . . . . 150 . . Destroy Structure 900 | . 18 . . . 34 . . . . 700 36 . . . . 78 30 4 Partial Spotted 60 | . . . . . . . . . . 15 30 . . . . 15 . . Lose Combat Pursuer 450 | . . 60 . . 30 . . . . 30 150 . . . 90 . 75 15 Influence Decreases 5735 | 10 277 62 348 7 272 195 85 . 62 654 1835 368 151 171 110 353 563 212 Entered New Map 1743 | . . 15 78 7 . 52 . . . 72 879 188 51 171 . 23 149 58 Time Decay 2894 | 10 179 47 270 . 232 113 75 . 62 452 326 140 100 . 100 310 334 144 Lost Part 300 | . . . . . . 30 10 . . 90 20 40 . . 10 10 80 10 Lost Ally 100 | . . . . . 40 . . . . 40 10 . . . . 10 . . Purge Threat 698 | . 98 . . . . . . . . . 600 . . . . . . . Squads Dispatched 43 | . 2 . . . 7 . . . 1 14 10 . . . . 4 4 1 Investigation 8 | . . . . . 1 . . . . 5 2 . . . . . . . Extermination 11 | . . . . . 1 . . . . 3 2 . . . . 2 3 . Reinforcement 15 | . 2 . . . 5 . . . . 3 3 . . . . . 1 1 Assault 6 | . . . . . . . . . 1 . 3 . . . . 2 . . Garrison 3 | . . . . . . . . . . 3 . . . . . . . . Intercept . | . . . . . . . . . . . . . . . . . . . Searches Triggered . | . . . . . . . . . . . . . . . . . . . Construction Impeded 4 | . . . . . 1 . . . . 3 . . . . . . . . Haulers Reinforced 1 | . . . . . . . . . . . 1 . . . . . . . Active Scanning Responses . | . . . . . . . . . . . . . . . . . . . Cargo Convoy Interrupts . | . . . . . . . . . . . . . . . . . . . Stealth | -11 -10 -10 -9 -9 -6 -6 -6 -6 -5 -5 -4 -4 -4 -4 -3 -3 -3 -3 --------- Run | Yrd Mat Sub Rec Scr Fac Low Low Zio Pro Fac Fac Upp Upp War Pro Res Qua Frg Distress Signals 9 | . 1 . . . . . . . . 3 3 . . . . . 2 . Communications Jammed 2 | . . . . . . . . . . . . . . . . . 2 . Distress Signals 2 | . . . . . . . . . . . . . . . . . 2 . Times Spotted 215 | . 18 9 2 9 13 2 2 . 9 57 18 9 2 4 7 14 12 28 Peak Tracking Total 17 | . 4 4 1 6 3 2 2 . 7 5 7 4 2 4 5 3 6 17 Tactical Retreats 21 | . . 3 . . 1 . . . . 2 7 . . . 4 . 3 1 Traps | -11 -10 -10 -9 -9 -6 -6 -6 -6 -5 -5 -4 -4 -4 -4 -3 -3 -3 -3 ------- Run | Yrd Mat Sub Rec Scr Fac Low Low Zio Pro Fac Fac Upp Upp War Pro Res Qua Frg Traps Triggered 14 | . . 1 . . 4 . . . . 2 4 . . . . . 1 2 Indirectly . | . . . . . . . . . . . . . . . . . . . Trap Hack Attempts . | . . . . . . . . . . . . . . . . . . . Triggered . | . . . . . . . . . . . . . . . . . . . Disarmed . | . . . . . . . . . . . . . . . . . . . Reprogrammed . | . . . . . . . . . . . . . . . . . . . Reused 1 | . . . . 1 . . . . . . . . . . . . . . Traps Extracted . | . . . . . . . . . . . . . . . . . . . Installed 1 | . . . . 1 . . . . . . . . . . . . . . Triggered . | . . . . . . . . . . . . . . . . . . . Most Traps Carried 2 | . . . . 1 . 2 2 2 . . . . . . . . . . Machines | -11 -10 -10 -9 -9 -6 -6 -6 -6 -5 -5 -4 -4 -4 -4 -3 -3 -3 -3 ---------- Run | Yrd Mat Sub Rec Scr Fac Low Low Zio Pro Fac Fac Upp Upp War Pro Res Qua Frg Machines Disabled 44 | . 2 3 . 6 3 . . . . 17 1 1 . 1 1 2 6 1 Max in Single Turn 4 | . 1 1 . 2 1 . . . . 4 1 1 . 1 1 1 1 1 Garrison Access 6 | . . . . . 2 . . . . 1 1 . . . . 1 1 . Machines Repaired . | . . . . . . . . . . . . . . . . . . . Machines Dismantled . | . . . . . . . . . . . . . . . . . . . Machines Sabotaged . | . . . . . . . . . . . . . . . . . . . Overloaded Fab Kills . | . . . . . . . . . . . . . . . . . . . Hacking | -11 -10 -10 -9 -9 -6 -6 -6 -6 -5 -5 -4 -4 -4 -4 -3 -3 -3 -3 --------- Run | Yrd Mat Sub Rec Scr Fac Low Low Zio Pro Fac Fac Upp Upp War Pro Res Qua Frg Machines Accessed 99 | . 5 1 11 6 13 . . 1 . 11 13 1 . 5 . 10 14 8 Terminals 46 | . 4 . 6 . 5 . . . . 4 5 . . . . 7 8 7 Fabricators 8 | . . . . . 1 . . . . 5 2 . . . . . . . Repair Stations 10 | . 1 . . . 2 . . . . 1 2 . . . . 1 2 1 Recycling Units 9 | . . . 5 . 2 . . . . . 2 . . . . . . . Scanalyzers 6 | . . . . . 1 . . . . . 1 . . . . 1 3 . Garrison Access 6 | . . . . . 2 . . . . 1 1 . . . . 1 1 . Total Hacks 354 | . 14 2 22 45 55 . . 5 . 32 37 1 . 11 . 41 49 40 Successful 231 | . 8 2 9 45 42 . . 5 . 20 23 1 . 11 . 29 25 11 Failed 123 | . 6 . 13 . 13 . . . . 12 14 . . . . 12 24 29 Catastrophic 18 | . 2 . 1 . 3 . . . . . 2 . . . . 2 5 3 Database Lockouts . | . . . . . . . . . . . . . . . . . . . Manual 156 | . 7 . 17 . 24 . . . . 10 14 . . . 1 25 33 25 Terminals 199 | . 13 . 14 . 27 . . . . 14 18 . . . . 35 42 36 Fabricators 23 | . . . . . 4 . . . . 14 5 . . . . . . . Repair Stations 22 | . 1 . . . 5 . . . . 2 5 . . . . 2 3 4 Recycling Units 18 | . . . 8 . 5 . . . . . 5 . . . . . . . Scanalyzers 20 | . . . . . 12 . . . . . 2 . . . . 3 3 . Garrison Access 8 | . . . . . 2 . . . . 2 2 . . . . 1 1 . Terminal Hacks 133 | . 5 2 3 45 12 . . 5 . 2 8 1 . 11 . 17 15 7 Record 58 | . . 1 . 44 . . . . . . . 1 . 9 . 2 . 1 Part Schematic 12 | . . . . . 2 . . 5 . 2 1 . . . . 1 . 1 Robot Analysis 2 | . . . . . . . . . . . . . . . . 1 1 . Prototype ID Bank 4 | . 1 . 1 . . . . . . . . . . . . . 2 . Open Door 3 | . . . . . . . . . . . . . . 2 . . 1 . Level Access Points 4 | . . . . . 1 . . . . . 1 . . . . 1 1 . Branch Access Points 6 | . 1 . . . 1 . . . . . 1 . . . . 1 1 1 Machine Index 3 | . . . . . 1 . . . . . . . . . . . 1 1 Terminal Index 6 | . 1 . 1 . 1 . . . . . . . . . . 1 1 1 Fabricator Index 1 | . . . . . . . . . . . . . . . . 1 . . Recycling Unit Index 1 | . . . 1 . . . . . . . . . . . . . . . Scanalyzer Index 1 | . . . . . 1 . . . . . . . . . . . . . Garrison Index 1 | . . . . . 1 . . . . . . . . . . . . . Alert Level 5 | . . . . . 1 . . . . . 1 . . . . 2 . 1 Unreport Threat 5 | . 1 . . . . . . . . . 4 . . . . . . . Locate Traps 5 | . 1 . . . 1 . . . . . . . . . . 2 1 . Dispatch Records 3 | . . . . . . . . . . . . . . . . 1 2 . Transport Status 1 | . . . . . 1 . . . . . . . . . . . . . Investigation Status 1 | . . . . . . . . . . . . . . . . 1 . . Extermination Status 1 | . . . . . . . . . . . . . . . . 1 . . Recall Extermination 1 | . . . . . . . . . . . . . . . . . 1 . Recall Assault 2 | . . . . . . . . . . . . . . . . 1 1 . Hauler Manifests 1 | . . . . . 1 . . . . . . . . . . . . . Registered Components 1 | . . . . . . . . . . . . . . . . 1 . . Registered Prototypes 1 | . . . . . . . . . . . . . . . . . 1 . Zone Layout 2 | . . . . . . . . . . . . . . . . . 1 1 Proto ID Catalog 2 | . . 1 . 1 . . . . . . . . . . . . . . Fabricator Hacks 16 | . . . . . 2 . . . . 11 3 . . . . . . . Network Status 2 | . . . . . 1 . . . . 1 . . . . . . . . Load Schematic 6 | . . . . . . . . . . 5 1 . . . . . . . Build 8 | . . . . . 1 . . . . 5 2 . . . . . . . Repair Station Hacks 11 | . . . . . 4 . . . . 2 2 . . . . 2 . 1 Scan Component 6 | . . . . . 2 . . . . 1 2 . . . . 1 . . Repair 4 | . . . . . 2 . . . . 1 . . . . . 1 . . Refit 1 | . . . . . . . . . . . . . . . . . . 1 Recycling Unit Hacks 5 | . . . 1 . 2 . . . . . 2 . . . . . . . Retrieve Components 5 | . . . 1 . 2 . . . . . 2 . . . . . . . Scanalyzer 18 | . . . . . 12 . . . . . 1 . . . . 2 3 . Insert Component 11 | . . . . . 5 . . . . . 1 . . . . 2 3 . Analyze 7 | . . . . . 7 . . . . . . . . . . . . . Garrison Access Hacks 4 | . . . . . 2 . . . . 1 . . . . . . 1 . Seal Access 4 | . . . . . 2 . . . . 1 . . . . . . 1 . Unauthorized Hacks 42 | . 3 . 5 . 6 . . . . 4 7 . . . . 8 6 3 Terminals 30 | . 3 . . . 4 . . . . 3 4 . . . . 7 6 3 Assimilate 3 | . . . . . . . . . . . 1 . . . . 1 1 . Botnet 23 | . 3 . . . 3 . . . . 3 3 . . . . 5 4 2 Operators 4 | . . . . . 1 . . . . . . . . . . 1 1 1 Fabricators 2 | . . . . . 1 . . . . . 1 . . . . . . . Report 1 | . . . . . 1 . . . . . . . . . . . . . Prioritize 1 | . . . . . . . . . . . 1 . . . . . . . Repair Stations 2 | . . . . . 1 . . . . . 1 . . . . . . . Mechanics 2 | . . . . . 1 . . . . . 1 . . . . . . . Recycling Units 6 | . . . 5 . . . . . . . 1 . . . . . . . Recyclers 1 | . . . . . . . . . . . 1 . . . . . . . Tunnel 5 | . . . 5 . . . . . . . . . . . . . . . Scanalyzers 1 | . . . . . . . . . . . . . . . . 1 . . Researchers 1 | . . . . . . . . . . . . . . . . 1 . . Garrison Access 1 | . . . . . . . . . . 1 . . . . . . . . Watchers 1 | . . . . . . . . . . 1 . . . . . . . . Data Cores Recovered 1 | . . . . . . . . . . 1 . . . . . . . . Used 1 | . . . . . . . . . . 1 . . . . . . . . Hacking Detections 63 | . 5 . 6 . 9 . . . . 10 11 . . . . 10 5 7 Full Trace Events 8 | . . . . . 1 . . . . 5 2 . . . . . . . Feedback Events . | . . . . . . . . . . . . . . . . . . . Feedback Blocked . | . . . . . . . . . . . . . . . . . . . Robot Schematics Acquired 8 | . . . . . . . . 4 . . . . . . . . 4 . Robots Built 4 | . . . . . 4 . . . . . . . . . . . . . Authchips . | . . . . . . . . . . . . . . . . . . . Time 227 | . . . . . 134 . . . . 93 . . . . . . . . Total Robot Build Rating 16 | . . . . . 16 . . . . . . . . . . . . . Part Schematics Acquired 52 | . . . . . 7 . . 19 . 2 1 . . . . 1 21 1 Parts Built 9 | . . . . . . . . . . 6 3 . . . . . . . Authchips . | . . . . . . . . . . . . . . . . . . . Time 437 | . . . . . . . . . . 275 162 . . . . . . . Total Part Build Rating 69 | . . . . . . . . . . 44 25 . . . . . . . Parts Repaired 4 | . . . . . 2 . . . . 1 . . . . . 1 . . Time 165 | . . . . . 81 . . . . 50 . . . . . 34 . . Parts Recycled . | . . . . . . . . . . . . . . . . . . . Recycled Matter . | . . . . . . . . . . . . . . . . . . . Retrieved Matter . | . . . . . . . . . . . . . . . . . . . Retrieved Components 13 | . . . 3 . 4 . . . . . 6 . . . . . . . Parts Scanalyzed 6 | . . . . . 5 . . . . . 1 . . . . . . . Part Schematics Acquired 5 | . . . . . 5 . . . . . . . . . . . . . Parts Damaged 2 | . . . . . 1 . . . . . 1 . . . . . . . Bothacking | -11 -10 -10 -9 -9 -6 -6 -6 -6 -5 -5 -4 -4 -4 -4 -3 -3 -3 -3 ------------ Run | Yrd Mat Sub Rec Scr Fac Low Low Zio Pro Fac Fac Upp Upp War Pro Res Qua Frg Used RIF Installer . | . . . . . . . . . . . . . . . . . . . Robots Hacked 13 | . . . . . . . . . . . 1 . . . . 1 11 . Non-combat 3 | . . . . . . . . . . . 1 . . . . 1 1 . Combat . | . . . . . . . . . . . . . . . . . . . Robot Hacks Applied 4 | . . . . . . . . . . . 1 . . . . 2 1 . no_distress 3 | . . . . . . . . . . . 1 . . . . 1 1 . find_fabricator 1 | . . . . . . . . . . . . . . . . 1 . . Manual 10 | . . . . . . . . . . . . . . . . . 10 . Relay Couplers Released 7 | . . . . . . . . . . . 4 . . . . 3 . . Machine Destruction 3 | . . . . . . . . . . . . . . . . 3 . . Programmers 4 | . . . . . . . . . . . 4 . . . . . . . Fabnet Peak Effective % . | . . . . . . . . . . . . . . . . . . . Robots Rewired 3 | . . . . . 1 . . . 2 . . . . . . . . . Allies Hacked 1 | . . . . . . . . . . . . . . . . 1 . . Hacks Repelled 2 | . . . . . . . . . . . . . . . . 2 . . Allies | -11 -10 -10 -9 -9 -6 -6 -6 -6 -5 -5 -4 -4 -4 -4 -3 -3 -3 -3 -------- Run | Yrd Mat Sub Rec Scr Fac Low Low Zio Pro Fac Fac Upp Upp War Pro Res Qua Frg Total Allies 12 | . . . . . 5 . . 2 2 . 1 . . . . 1 1 . Largest Group 5 | . . . . . 5 . . 2 2 2 1 . . . . 1 1 . Highest-Rated Group 80 | . . . . . 80 . . 56 59 59 26 . . . . 45 26 . Highest-Rated Ally 45 | . . . . . 32 . . 31 31 30 26 . . . . 45 26 . Total Orders . | . . . . . . . . . . . . . . . . . . . Ally Attacks 34 | . . . . . 23 . . . 2 9 . . . . . . . . Total Damage 499 | . . . . . 362 . . . 21 116 . . . . . . . . Kills 2 | . . . . . 1 . . . . 1 . . . . . . . . Allies Corrupted . | . . . . . . . . . . . . . . . . . . . Allies Melted 4 | . . . . 4 . . . . . . . . . . . . . . Intel | -11 -10 -10 -9 -9 -6 -6 -6 -6 -5 -5 -4 -4 -4 -4 -3 -3 -3 -3 ------- Run | Yrd Mat Sub Rec Scr Fac Low Low Zio Pro Fac Fac Upp Upp War Pro Res Qua Frg Active Infowar (turns) 7976 | 24 63 . . . 530 400 513 1800 466 907 737 271 202 375 308 696 684 . Sensors 3271 | . . . . . . . . . . . 736 270 202 375 308 696 684 . Structural 7395 | . . . . . 530 400 513 1800 466 907 734 271 202 375 168 345 684 . Seismic 328 | 24 63 . . . . . . . . . . . 57 184 . . . . Jamming 1010 | . . . . . . . . . . . . . . . . 332 678 . Robot Analysis Total 2 | . . . . . . . . . . . . . . . . 1 1 . Derelict Logs Recovered 5 | . . 1 . 1 . . . 1 . . . 1 1 . . . . . Drone Launches . | . . . . . . . . . . . . . . . . . . . Drone Recoveries . | . . . . . . . . . . . . . . . . . . . Exploration | -11 -10 -10 -9 -9 -6 -6 -6 -6 -5 -5 -4 -4 -4 -4 -3 -3 -3 -3 ------------- Run | Yrd Mat Sub Rec Scr Fac Low Low Zio Pro Fac Fac Upp Upp War Pro Res Qua Frg Turns Passed 13552 | 113 463 612 999 2656 648 400 513 1800 466 1126 737 280 209 375 308 696 754 397 Spaces Moved 11686 | 53 212 322 604 1627 660 155 276 965 242 942 1053 386 233 637 542 1116 1151 510 Core 24 | 2 . . . . . 22 . . . . . . . . . . . . Treads 2682 | 51 212 322 604 1493 . . . . . . . . . . . . . . Legs . | . . . . . . . . . . . . . . . . . . . Wheels 3289 | . . . . 134 660 133 276 965 242 879 . . . . . . . . Hover 5691 | . . . . . . . . . . 63 1053 386 233 637 542 1116 1151 510 Flight . | . . . . . . . . . . . . . . . . . . . Fastest Speed 28 | 50 160 160 160 120 28 70 170 170 170 50 46 50 48 32 43 43 43 52 Average Speed 97 | 155 160 160 160 157 59 198 170 184 182 77 50 51 60 49 43 43 46 63 Slowest Speed 750 | 160 160 160 160 240 70 750 170 185 185 170 54 58 62 62 43 43 70 70 Overloaded Moves 11 | . . . . . . . . . . . . . . 11 . . . . Propulsion Burnouts . | . . . . . . . . . . . . . . . . . . . Robots Hopped . | . . . . . . . . . . . . . . . . . . . Potential Cave-ins . | . . . . . . . . . . . . . . . . . . . Cave-ins Triggered . | . . . . . . . . . . . . . . . . . . . Teleports 2 | . . . . . . . . . . . . . . . . . . 2 Exploration Rate (%) 50 | 4 47 24 95 83 25 33 50 87 46 34 30 54 38 92 76 30 87 22 Regions Visited 18 Branch Regions 13 Pre-discovered Areas 11 | . . . 5 5 . . . . . . . . 1 . . . . . Known Exits Taken 12 | . . . . . 1 1 . 1 1 1 1 1 1 1 1 1 1 . Unknown Exits Taken 6 | 1 1 1 1 1 . . 1 . . . . . . . . . . . Scrap Searched 23 | . . 6 . 5 . . 1 3 . . . 1 2 . 5 . . . Spaces Dug 92 | . . . . 10 8 1 1 . . 19 18 2 3 . 1 12 15 2 Terrain Destroyed 854 | . 24 . . 37 65 2 2 . 51 428 18 121 3 . 38 48 15 2 Melee 74 | . . . . . 8 1 1 . . 11 18 2 3 . 1 12 15 2 Projectile 18 | . 2 . . . . . 1 . 1 14 . . . . . . . . AOE 759 | . 22 . . 37 57 . . . 50 401 . 119 . . 37 36 . . Terrain Rammed . | . . . . . . . . . . . . . . . . . . . Walls Destroyed . | . . . . . . . . . . . . . . . . . . . Machines Disabled . | . . . . . . . . . . . . . . . . . . . Actions | -11 -10 -10 -9 -9 -6 -6 -6 -6 -5 -5 -4 -4 -4 -4 -3 -3 -3 -3 --------- Run | Yrd Mat Sub Rec Scr Fac Low Low Zio Pro Fac Fac Upp Upp War Pro Res Qua Frg Total 13064 | 76 292 376 629 1690 844 208 291 985 263 1158 1162 437 274 693 607 1237 1268 574 Wait 440 | 12 20 18 14 . 94 22 1 6 . 21 19 24 24 27 54 39 5 40 Move 11668 | 52 211 321 603 1626 659 154 275 964 241 941 1052 385 232 636 541 1115 1150 510 Hop . | . . . . . . . . . . . . . . . . . . . Pick Up 89 | 3 13 . 1 17 11 3 . 4 . 10 4 2 . 3 . 8 10 . Fast Attach 103 | 7 3 2 1 4 7 2 . 3 . 27 15 . 5 10 3 7 7 . Attach 41 | . . . . 2 7 4 1 1 1 8 4 . . . 1 4 5 3 Detach 19 | . . . . . 3 2 . 2 . 8 2 . . 1 . . 1 . Swap 47 | . 5 . 2 8 2 . . 1 . 10 2 4 1 1 . 6 5 . Drop 137 | . 8 10 3 15 8 1 . 3 . 28 11 3 2 14 2 11 18 . Fire 236 | 2 32 23 5 17 25 18 4 . 5 92 . 6 . . 4 3 . . Melee 227 | . . . . . 14 2 10 1 . 13 47 12 10 1 2 44 67 4 Ram . | . . . . . . . . . . . . . . . . . . . Kick . | . . . . . . . . . . . . . . . . . . . Crush . | . . . . . . . . . . . . . . . . . . . Escape Stasis 31 | . . . . . 8 . . . . . 6 . . . . . . 17 Rewire 22 | . . . . . 6 . . . 16 . . . . . . . . . Trap 1 | . . . . 1 . . . . . . . . . . . . . . Miscellaneous 3 | . . 2 . . . . . . . . . 1 . . . . . . Route ------- -11/Scrapyard -10/Materials (discovered 4 exits: [*Mat] / *Min x2 / *Sub) -10/Subcaves -9/Recycling (discovered 2 exits: [*Fac] / *Scr) -9/Scraptown (discovered 2 exits: *Fac x2) -6/Factory (discovered 6 exits: *Fac x4 / *Low x2) -6/Lower Caves -6/Lower Caves (discovered 2 exits: *Fac / *Zio) -6/Zion -5/Proximity Caves -5/Factory (discovered 3 exits: *Fac x2 / Upp) -4/Factory (discovered 8 exits: Res x4 / *Upp x2 / Ext x2) -4/Upper Caves -4/Upper Caves (discovered 2 exits: Res / *War) -4/Warlord -3/Proximity Caves -3/Research (discovered 6 exits: Res x3 / *Arm / *Qua x2) -3/Quarantine (discovered 3 exits: *Res / *Sec / *Frg) -3/Protoforge History --------- Turn | Location | Event 40 | -11/Scrapyard | Discovered new exit (range 15) 114 | -11/Scrapyard | Entered Materials 124 | -10/Materials | Identified exit to Mines 309 | -10/Materials | Build established: Mutant 454 | -10/Materials | Discovered new exit (range 8) 560 | -10/Materials | Discovered new exit (range 4) 577 | -10/Materials | Entered Subcaves 656 | -10/Subcaves | Disturbed a concealed Subdweller 755 | -10/Subcaves | Visited 4L-MR0's lab 775 | -10/Subcaves | Found Meta Core 777 | -10/Subcaves | Attached Meta Core, gained temporary slots: Propulsion, Utility, Weapon 841 | -10/Subcaves | Learned Materials emergency access door positions 1159 | -10/Subcaves | Discovered new exit (range 11) 1189 | -10/Subcaves | Entered Recycling 1392 | -9/Recycling | Discovered new exit (range 14) 2151 | -9/Recycling | Scanned before Scraplab entrance 2174 | -9/Recycling | Entered Scraplab 2187 | -9/Recycling | Discovered new exit (range 2) 2188 | -9/Recycling | Entered Scraptown 2243 | -9/Scraptown | Visited Cyclists 2284 | -9/Scraptown | Heard Great Nut preacher, LISTEN AND RECITE! 2313 | -9/Scraptown | Scanned Subdweller tech in exchange for log data 2318 | -9/Scraptown | Learned Research non-interactive machine intel 2400 | -9/Scraptown | Visited UFD Registry 2400 | -9/Scraptown | Registered with UFD as "Softcore" 2419 | -9/Scraptown | Visited TADAMA 2454 | -9/Scraptown | Visited IN-MT5's Study 2472 | -9/Scraptown | Visited Artisan Demo Area 2548 | -9/Scraptown | Visited Awakened 2598 | -9/Scraptown | Entered Cyclist Reading Room 2624 | -9/Scraptown | Visited The Evicted 2972 | -9/Scraptown | Discovered new exit (range 11) 3152 | -9/Scraptown | Visited Junk Repository 3210 | -9/Scraptown | Visited Scrap Suit Storage 3235 | -9/Scraptown | Visited Science Guys 3310 | -9/Scraptown | Delivered Scrap Shield to a Scientist 3446 | -9/Scraptown | Visited Observation Area 3483 | -9/Scraptown | Visited Research Penetration Think Tank 3518 | -9/Scraptown | Visited DA-N13 Charitable Foundation 3533 | -9/Scraptown | Found DCF Scrap (30 items) 3730 | -9/Scraptown | Found Scrap Suit 3854 | -9/Scraptown | Visited Curators Association 3902 | -9/Scraptown | Visited Derelict Rescue Squad 3912 | -9/Scraptown | Found DRS Beacon 3945 | -9/Scraptown | Visited LU-1G1's Boring Crew 3974 | -9/Scraptown | Visited Cartography Club 4002 | -9/Scraptown | Found Surveybot 17 Chip 4229 | -9/Scraptown | Found Deep Structural Scanner 4262 | -9/Scraptown | Learned location of Recycling (-9) 4262 | -9/Scraptown | Learned location of Lower Caves (-7) 4262 | -9/Scraptown | Learned location of Archives (-4) 4262 | -9/Scraptown | Learned location of Testing (-2) 4262 | -9/Scraptown | Learned 12 Factory zone layouts 4262 | -9/Scraptown | Learned 12 Research zone layouts 4262 | -9/Scraptown | Learned 8 Lower Caves zone layouts 4262 | -9/Scraptown | Learned 16 Lower Caves zone layouts 4262 | -9/Scraptown | Learned 4 Hub_04(d) zone layouts 4262 | -9/Scraptown | Learned Materials emergency access door positions 4262 | -9/Scraptown | Learned location of 3 exits from Upper Caves 4262 | -9/Scraptown | Learned location of 3 exits from Proximity Caves 4413 | -9/Scraptown | Met Optimus 4413 | -9/Scraptown | Accepted into 0bPrime 4553 | -9/Scraptown | Civil war broke out across Scraptown 4661 | -9/Scraptown | Lost 3 allies 4664 | -9/Scraptown | Found Prototype Wheel 4699 | -9/Scraptown | Optimus destroyed in the chaos of civil war 4777 | -9/Scraptown | Lost 12 allies 4840 | -9/Scraptown | Discovered new exit (range 3) 4844 | -9/Scraptown | Entered Factory 4844 | -6/Factory | Evolved 8 slots: Power x1, Propulsion x2, Utility x5 4845 | -6/Factory | Identified exit to Lower Caves 4845 | -6/Factory | Identified Ballwheel 4956 | -6/Factory | Discovered new exit (range 7) 5011 | -6/Factory | Fabricated S-27 Virus (x4) 5053 | -6/Factory | Repaired Disruptor Cannon 5101 | -6/Factory | Lost 4 allies 5142 | -6/Factory | Build established: Hacker-Mutant 5158 | -6/Factory | Repaired Magnetic Acceleration Cannon 5248 | -6/Factory | Identified exit to Factory 5492 | -6/Factory | Entered Lower Caves 5493 | -6/Lower Caves | Identified exit to Lower Caves 5494 | -6/Lower Caves | UFD Scientist delivered a prototype 5495 | -6/Lower Caves | Found Prototype Protection 5495 | -6/Lower Caves | Identified Enh. Scrap Shield 5646 | -6/Lower Caves | Lost 3 parts (1p1n1u) 5859 | -6/Lower Caves | Encountered a Warlord checkpoint 5892 | -6/Lower Caves | Entered another Lower Caves area 5916 | -6/Lower Caves | Discovered exit to Factory (range 15) 6042 | -6/Lower Caves | Encountered a Warlord checkpoint 6383 | -6/Lower Caves | Discovered new exit (range 14) 6405 | -6/Lower Caves | Entered Zion 6406 | -6/Zion | Identified exit to Proximity Caves 6477 | -6/Zion | Found Prototype Special Weapon 6477 | -6/Zion | Identified RU-N14's Throwing Claymores 6481 | -6/Zion | Found RU-N14's Throwing Claymores 6485 | -6/Zion | Found RU-N14's Throwing Claymores 6487 | -6/Zion | Found RU-N14's Throwing Claymores 6531 | -6/Zion | System corruption cleaned by Quarantine Array 6793 | -6/Zion | Given A8's code to call for help 7078 | -6/Zion | Found Prototype Device 7078 | -6/Zion | Identified Mobile Refinery Mk. CCLXVII 7219 | -6/Zion | Turned away by Imprinter 7450 | -6/Zion | Gained Derelict followers 7469 | -6/Zion | Learned 4 Factory zone layouts 7489 | -6/Zion | Learned Factory fabricator intel 7497 | -6/Zion | Given the Hacking Drone Bay 8205 | -6/Zion | Entered Proximity Caves 8205 | -5/Proximity Caves | Accompanied by 2 allies 8520 | -5/Proximity Caves | Attracted the attention of an 0b10 outpost 8553 | -5/Proximity Caves | Destroyed 8 combat bots 8671 | -5/Proximity Caves | Entered Factory 8671 | -5/Factory | Accompanied by 2 allies 8671 | -5/Factory | Evolved 2 slots: Propulsion x2 8672 | -5/Factory | Identified exit to Upper Caves 8673 | -5/Factory | Loaded intel: 6 fabricator locations 8800 | -5/Factory | Fabricated Centrium Wheel (x2) 8890 | -5/Factory | Discovered new exit (range 8) 9051 | -5/Factory | Fabricated Centrium Wheel? 9081 | -5/Factory | Lost 3 parts (1p2n) 9094 | -5/Factory | Garrison activated, responded to threat 9376 | -5/Factory | Lost 3 parts (2n1u) 9437 | -5/Factory | Repaired Lrn. Missile Launcher 9507 | -5/Factory | Fabricated X-77 Beamer? 9579 | -5/Factory | Discovered new exit (range 12) 9707 | -5/Factory | Fabricated Enh. Force Lance (x2) 9796 | -5/Factory | Identified exit to Factory 9797 | -5/Factory | Entered another Factory area 9797 | -4/Factory | Evolved 2 slots: Utility x2 9798 | -4/Factory | Identified exit to Research 9902 | -4/Factory | Fabricated Centrium Greatsword (x1) 10047 | -4/Factory | First assault squad dispatched 10245 | -4/Factory | Fabricated Lgt. Quantum Reactor? 10392 | -4/Factory | Found Imp. Powered Armor 10416 | -4/Factory | Discovered new exit (range 13) 10452 | -4/Factory | Identified exit to Upper Caves 10452 | -4/Factory | Identified exit to Extension 10467 | -4/Factory | Build established: Hacker-Scout 10534 | -4/Factory | Entered Upper Caves 10535 | -4/Upper Caves | Identified exit to Upper Caves 10546 | -4/Upper Caves | Found Alien Artifact 10555 | -4/Upper Caves | Activated DRS Beacon 10622 | -4/Upper Caves | Spotted B-86 Titan 10788 | -4/Upper Caves | Lost 4 parts (1p1n2u) 10798 | -4/Upper Caves | Learned 4 Research zone layouts 10814 | -4/Upper Caves | Entered another Upper Caves area 10815 | -4/Upper Caves | Identified exit to Warlord 11023 | -4/Upper Caves | Entered Warlord 11024 | -4/Warlord | Identified exit to Proximity Caves 11044 | -4/Warlord | System corruption cleaned by Quarantine Array 11148 | -4/Warlord | Visited the Vortex Lab 11155 | -4/Warlord | Found Prototype Energy Gun 11155 | -4/Warlord | Identified Vortex Rail 11158 | -4/Warlord | Found Vortex Rail 11160 | -4/Warlord | Warlord's base attacked by MAIN.C 11201 | -4/Warlord | Found Prototype Reactor 11201 | -4/Warlord | Identified Vortex Chain Reactor 11203 | -4/Warlord | Found Prototype Processor 11203 | -4/Warlord | Identified Exp. Targeting Computer 11207 | -4/Warlord | Found Prototype Hackware 11207 | -4/Warlord | Identified Ghost Barrier 11240 | -4/Warlord | Found Prototype Device 11240 | -4/Warlord | Identified Minesniffer Drone Bay 11250 | -4/Warlord | Rebuked by Warlord 11300 | -4/Warlord | Found Prototype Special Weapon 11300 | -4/Warlord | Identified RU-N14's Throwing Claymores v3 11302 | -4/Warlord | Found RU-N14's Throwing Claymores v3 11304 | -4/Warlord | Found RU-N14's Throwing Claymores v3 11329 | -4/Warlord | Learned Testing security intel 11329 | -4/Warlord | Learned Factory fabricator intel 11329 | -4/Warlord | Learned Factory scanalyzer intel 11329 | -4/Warlord | Learned Armory recycling unit intel 11329 | -4/Warlord | Learned 4 Access zone layouts 11330 | -4/Warlord | Learned Armory emergency access door positions 11330 | -4/Warlord | Learned Testing emergency access door positions 11382 | -4/Warlord | Opened side exit 11398 | -4/Warlord | Entered Proximity Caves 11423 | -3/Proximity Caves | Spotted B-86 Titan 11661 | -3/Proximity Caves | Acquired the password to a Derelict Tinkerer's latest research 11706 | -3/Proximity Caves | Entered Research 11706 | -3/Research | Evolved 2 slots: Utility x2 11707 | -3/Research | Identified exit to Quarantine 11708 | -3/Research | Identified exit to Research 11709 | -3/Research | Loaded intel: 65 non-interactive machine locations 11816 | -3/Research | Repaired Enh. Force Lance 11841 | -3/Research | Identified exit to Armory 11873 | -3/Research | Build established: Hacker-Mutant 12334 | -3/Research | Spotted B-86 Titan 12380 | -3/Research | Build established: Hacker-Ninja 12402 | -3/Research | Entered Quarantine 12474 | -3/Quarantine | Found Alien Artifact 12530 | -3/Quarantine | Identified Core Reset Matrix 12670 | -3/Quarantine | Found Alien Impact Weapon 12670 | -3/Quarantine | Identified Core Stripper 12718 | -3/Quarantine | Found Alien Artifact 12725 | -3/Quarantine | Found Alien Artifact 12780 | -3/Quarantine | Identified Terrabomb (x2) 12838 | -3/Quarantine | Scanned by Researcher 12846 | -3/Quarantine | Found Alien Artifact 12858 | -3/Quarantine | Identified Phase Redirector 12893 | -3/Quarantine | Met incapacitated Sigix Warrior 12893 | -3/Quarantine | Lockdown squad dispatched 12894 | -3/Quarantine | Used Terrabomb 12925 | -3/Quarantine | Found Sigix Containment Pod 13013 | -3/Quarantine | Found Alien Energy Cannon 13013 | -3/Quarantine | Identified Core Cannon 13048 | -3/Quarantine | Found Alien Artifact 13057 | -3/Quarantine | Found Alien Artifact 13071 | -3/Quarantine | Identified Dimensional Node Initializer 13071 | -3/Quarantine | Initialized slip node 13072 | -3/Quarantine | Found Alien Artifact 13088 | -3/Quarantine | System corruption reached 10% 13103 | -3/Quarantine | Spotted Fortress 13150 | -3/Quarantine | Discovered new exit (range 6) 13150 | -3/Quarantine | Discovered new exit (range 7) 13153 | -3/Quarantine | Identified exit to Section 7 13154 | -3/Quarantine | Lost 8 parts (2p1n5u) 13155 | -3/Quarantine | Identified exit to Protoforge 13156 | -3/Quarantine | Entered Protoforge 13197 | -3/Protoforge | Spotted Hotshot 13199 | -3/Protoforge | Identified Transdimensional Reconstructor (x2) 13199 | -3/Protoforge | Used Core Reset Matrix 13203 | -3/Protoforge | Sensed 2 artifacts in vicinity 13216 | -3/Protoforge | Superfortress began startup sequence 13235 | -3/Protoforge | Spotted B-86 Titan 13372 | -3/Protoforge | Build established: Hacker-Mutant 13381 | -3/Protoforge | Core integrity fell below 50% 13388 | -3/Protoforge | Warped through subspace 13451 | -3/Protoforge | Spotted Hotshot 13454 | -3/Protoforge | Spotted Hotshot 13461 | -3/Protoforge | Spotted Hotshot 13465 | -3/Protoforge | Spotted Hotshot 13476 | -3/Protoforge | Spotted Hotshot 13478 | -3/Protoforge | Spotted Hotshot 13494 | -3/Protoforge | Spotted Hotshot 13523 | -3/Protoforge | Spotted Hotshot 13530 | -3/Protoforge | Spotted Hotshot 13531 | -3/Protoforge | Spotted Hotshot 13537 | -3/Protoforge | Spotted Hotshot 13542 | -3/Protoforge | Core integrity fell below 20% 13548 | -3/Protoforge | Spotted Hotshot 13548 | -3/Protoforge | Spotted Hotshot 13548 | -3/Protoforge | Spotted Hotshot 13550 | -3/Protoforge | Warped through subspace 13553 | -3/Protoforge | Destroyed by Hotshot with Improved Heavy Laser Last Messages --------------- No branch access points found. >>Alert(Check) Current Alert Level: Low Security 13434_ Connecting with Terminal... 13527_ Adv. Transmission Jammer destroyed. 13528_ Hotshot activates shielding mode. 13531_ Critical hit (Burn: +37). 13531_ Cld. Antigrav System destroyed. 13540_ Adv. Hacking Suite destroyed. 13544_ Gyrokinetic Inverter destroyed. 13545_ Hotshot activates shielding mode. 13545_ Backup Laser III destroyed. 13546_ Hotshot activates shielding mode. 13549_ Backup Power III destroyed. 13549_ Adv. Heat Sink destroyed. 13550_ Backup Power III destroyed. 13550_ Backup Laser III destroyed. 13550_ Cmb. Antigrav System destroyed. 13550_ Warped through subspace. 13553_ Critical hit (Burn: +37). Map ----- +----------------------------------------------------+ | ?????????????????????????????????????????????????? | | ??? ???????????????????????????????????????????? | | ?# ???????????????????????????????????????????? | | ?# ???????????????????????????????????????????? | | ?# ???????????????????????????????????????????? | | ?# #??????????????????????????????????????????? | | ?# #??????????????????????????????????????????? | | ?# #??????????????????????????????????????????? | | ?# #???????????????######?????????????????????? | | ## #??????????????? ?????????????????????? | | ############????" ??????????????????????? | | # ???"" """?????????????######## | | "" # """ """???S """?????????????# """T"" | | "" # ???#??" """?????????????# """ "" | | "" # """?????# ?" "???????????????# | | "" # ????????? ????????????????# | | ###+#############+######################+### | | " g #? | | " g #? | | " #? | | gg #? | | ##################/######+############ #? | | "" #????????????# ## """T""" # # | | "" #????????????# ## # # | | "" #????????????# ## """ """ + + | | "" #????????????# @ ## """ """ # # | | + ????# ## """ """ # # | | # """ ????# ## # #? | | ## # """ ????# ## # #? | | # # """ ????# ## # #? | | # # ????# ####+####### ## | | # # ????# #??# ####### | | # # ????# #??# | | # + ????# #??# | | # #########????#####+########??# ### ### | | # #????# ??????????????????? ###+####+#### | | # #????# ##?????????????????# # | | " #????# #????????????????? ?? # | | #" #????# #???????????????# ??? # | | ?" #????# #???????????????# ???? # | | #" ######+##?????????????????? ? # """"""" | | # # ?????????????????? # """"""" | | # # """" "?????????????????? # """"""" | | # # """" "?????????????##### # | | # # """" ""????????????# # "" | | + ^ # """" ""????????????# # T" | | # ^^ # ????????????+ # "" | | # / """" """" #????????# # | | # # """" """" #????????# ###+######### | | # # """" """" #????????# #??????# | +----------------------------------------------------+ Best States ------------- Heat Dissipation 84 Coolant Potential 50 Energy Generation 55 Energy Capacity 700 Matter Stores 300 Matter Capacity 300 Sight Range 16 Robot Scan Range 16 Terrain Scan Density 1210 Jamming Range 16 Base Temperature (-) 200 Armor Coverage 800 Evasion (%) 66 Targeting Accuracy 12 Core Analysis 6 Recoil Reduction 3 Kinecelleration 40 Offensive Hacking 40 Defensive Hacking 20 Item Schematics ----------------- Lgt. Quantum Reactor | -3/Protoforge | Hacked Robot Schematics ------------------ None Fabricated ------------ S-27 Virus | x4 | -6/Factory | Preloaded Centrium Wheel | x2 | -5/Factory Centrium Wheel | x2 | -5/Factory Enh. Force Lance | x2 | -5/Factory Centrium Greatsword | x1 | -4/Factory | Preloaded Lgt. Quantum Reactor | x2 | -4/Factory Repaired ---------- Disruptor Cannon | 60% | -6/Factory Magnetic Acceleration Cannon | 27% | -6/Factory Lrn. Missile Launcher | 37% | -5/Factory Enh. Force Lance | 66% | -3/Research Alien Tech Used ----------------- Core Stripper Phase Redirector Terrabomb Core Cannon Dimensional Node Initializer Core Reset Matrix Transdimensional Reconstructor Achievements -------------- None Challenges ------------ None Game ------ Seed UltimateAmuletSpear Manual? 0 Play Time 02:59:24 Cumulative 399.3 hours Start 2025.05.12 @ 14:02:04 End 2025.05.14 @ 16:17:26 Sessions 3 Manual Loads 0 Difficulty Rogue Special Mode None Game No. 398 Rogue 393 Adventurer 5 Explorer 0 Win Type - Total 9 Types 6/0/0/3/0/0/0/0/0/0 Lore% 80 Gallery% 77 Achievement% 71 Wizard Run 0 Options --------- Layout 1 ASCII 0 Keyboard 0 Movement Arrows Keybinds 0 Fullscreen 1 Font 24/Terminus Map View 50x35 Zoom Use 0% Tactical HUD 1 Map Filters NONE Filters NONE Steam 1 RUN: ac1420a1-30b1-4782-a7ec-2de776838fa9